 Dungeon Crawl Stone Soup version 0.32-a0-872-g59262bdc9b (webtiles) character file.

Game seed: 8134893555828450415

14 601d51SH the Shield-Bearer (level 2, -4/29 HPs)
             Began as a Gnoll Fighter on Mar 31, 2024.
             Slain by a goblin
             ... wielding a +1 dagger of electrocution
              (14 damage)
             ... on level 1 of the Dungeon.
             The game lasted 00:00:56 (705 turns).

601d51SH the Shield-Bearer (Gnoll Fighter)           Turns: 705, Time: 00:00:57

Health: -4/29      AC:  9    Str: 15    XL:     2   Next: 41%
Magic:  2/2        EV:  8    Int:  7    God:
Gold:   59         SH:  5    Dex: 11    Spells: 1/1 levels left

rFire   . . .        f - +0 dagger (freeze)
rCold   . . .        c - +0 buckler
rNeg    . . .        b - +0 scale mail
rPois   .            (no helmet)
rElec   .            j - +0 cloak
rCorr   .            (no gloves)
SInv    .            (no boots)
Will    .....        (no amulet) Stlth
                     (no ring)
HPRegen 0.24/turn    (no ring)
MPRegen 0.08/turn

%: no passive effects
@: no status effects
A: fangs 1, strong nose, distributed training
a: no special abilities


You were on level 1 of the Dungeon.
You visited 1 branch of the dungeon, and saw 1 of its levels.

You collected 59 gold pieces.

Inventory:

Hand Weapons
 a - a +0 trident
 f - a +0 dagger of freezing (weapon)
Armour
 b - a +0 scale mail (worn)
 c - a +0 buckler (worn)
 j - a +0 cloak (worn)
Scrolls
 e - 2 scrolls of enchant weapon {unknown}
 g - a scroll of immolation
 i - a scroll of identify {unknown}
 k - a scroll of teleportation {unknown}
Potions
 d - a potion of might
 h - a potion of haste {unknown}
 l - a potion of curing {unknown}


   Skills:
 + Level 6.5 Fighting
 + Level 0.4 Short Blades
 + Level 0.4 Long Blades
 + Level 0.4 Axes
 + Level 0.4 Maces & Flails
 + Level 4.5 Polearms
 + Level 0.4 Staves
 + Level 0.4 Ranged Weapons
 + Level 0.4 Throwing
 + Level 6.5 Armour
 + Level 0.4 Dodging
 + Level 0.4 Stealth
 + Level 6.5 Shields
 + Level 0.4 Unarmed Combat
 + Level 0.4 Spellcasting
 + Level 0.2 Conjurations
 + Level 0.2 Hexes
 + Level 0.2 Summonings
 + Level 0.2 Necromancy
 + Level 0.2 Translocations
 + Level 0.2 Fire Magic
 + Level 0.2 Ice Magic
 + Level 0.2 Air Magic
 + Level 0.2 Earth Magic
 + Level 0.2 Alchemy
 + Level 0.5 Invocations
 + Level 0.4 Evocations
 + Level 0.3 Shapeshifting


You had one spell level left.
You didn't know any spells.
Your spell library was empty.

Dungeon Overview and Level Annotations

Branches:
Dungeon (1/15)

Altars:


Innate Abilities, Weirdness & Mutations

You have very sharp teeth.
Your uncanny sense of smell can sniff out nearby items.
Your experience applies equally to all skills.


Message History

You kill the rat!
No target in view!
No target in view!
l - an inky potion No target in view!
No target in view!
You now have 50 gold pieces (gained 10).
As you open the door, it creaks loudly!
An endoplasm comes into view.
The endoplasm quivers.
Found 9 gold pieces.
An endoplasm is nearby!
There is an open door here.
The endoplasm freezes you.
You are frozen.
You hit the endoplasm. You freeze the endoplasm.
The endoplasm is almost dead.
You block the endoplasm's attack.
You hit the endoplasm. You freeze the endoplasm.
You kill the endoplasm!
No target in view!
You now have 59 gold pieces (gained 9).
You open the door.
There is an open door here.
A goblin comes into view.
It is wielding a +1 dagger of electrocution.
The goblin shouts!
The goblin moves out of view.
No target in view!
The goblin hits you but does no damage.
You are electrocuted!!
Ouch! That really hurt!
You are too injured to fight recklessly!
You are too injured to fight recklessly!
You are too injured to fight recklessly!
You are too injured to fight recklessly!
You are too injured to fight recklessly!
You are too injured to fight recklessly!
You are too injured to fight recklessly!
You miss the goblin. The goblin hits you but does no damage.
You are electrocuted!
You die...

.....'.............#
.....####...#..###.#
....## ##.##..# #.#
...## ####..# #.#
..## ...# #.# '##
#..## #.# .# #..#
#.# .# #..####.# .##
#...g@..# ..##
#.####### ...# ..##
.#####.# .......#
########


You could see a goblin.

Vanquished Creatures
  A bat (D:1)
  2 endoplasms (D:1)
  A goblin (D:1)
  3 hobgoblins (D:1)
  A quokka (D:1)
  2 kobolds (D:1)
  2 rats (D:1)
12 creatures vanquished.

Notes
Turn   | Place    | Note
-------+----------+-------------------------------------------
     0 | D:1      | 601d51SH the Gnoll Fighter began the quest for the Orb.
     0 | D:1      | Reached XP level 1. HP: 23/23 MP: 1/1
   234 | D:1      | Found a faded altar of an unknown god.
   251 | D:1      | Reached XP level 2. HP: 15/29 MP: 2/2
   705 | D:1      | Slain by a goblin

Illustrated notes

Levels and vault maps discovered:
D:1:      minmay_arrival_split_and_join, layout_loops_corners,
          hellmonk_ecumenical_altar_blasted

Action                     || total
---------------------------++-------
  Melee: Trident           ||    14
         Dagger            ||    22
         Bite              ||     2
 Armour: Scale mail        ||    18
  Dodge: Dodged            ||     8
  Block: Buckler           ||     5

Table legend: (Time is in decaauts)
 A = Elapsed time spent in this place.
 B = Non-inter-level travel time spent in this place.
 C = Inter-level travel time spent in this place.
 D = Time resting spent in this place.
 E = Time spent auto-exploring this place.
 F = Levels seen in this place.
 G = Mean time per level.
                   A        B        C        D        E       F      G
               +--------+--------+--------+--------+--------+-----+--------+
         Total |    706 |    699 |      7 |      0 |    600 |   1 |  706.0 |
       Dungeon |    706 |    699 |      7 |      0 |    600 |   1 |  706.0 |
               +--------+--------+--------+--------+--------+-----+--------+

Top non-repeatable levels by time:
     D:1: 706 daAuts
